 Dungeon Crawl Stone Soup version 0.16.0-19-gb078050 (webtiles) character file.

438 Nefaurd the Vandal (level 6, -10/76 HPs)
             Began as a Centaur Chaos Knight on Mar 23, 2015.
             Mangled by an orc priest
             ... wielding a +0 spear of chaos
              (20 damage)
             ... on level 4 of the Dungeon.
             The game lasted 00:25:36 (3000 turns).

Nefaurd the Vandal (Centaur Chaos Knight)           Turns: 3000, Time: 00:25:36

Health: -10/76     AC: 23    Str: 15    XL:     6   Next: 69%
Magic:  5/5        EV:  1    Int: 11    God:    Xom [*.....]
Gold:   158        SH:  0    Dex:  6    Spells: 0 memorised, 5 levels left

rFire  . . .     SeeInvis .     a - +0 whip
rCold  . . .     Clarity  .     H - melded +1 scale mail {rC+}
rNeg   + + +     SustAb   .     (no shield)
rPois  +         Gourm    +     f - melded +0 helmet
rElec  .         Spirit   .     (cloak currently unavailable)
rCorr  .         Warding  .     E - melded +0 pair of gloves
rMut   .         NoTele   +     q - melded +0 centaur barding
MR     .....                    k - amulet of the gourmand
Stlth  +.........               (no ring)
                                (no ring)

@: tree-form, drained, not resistant to hostile enchantments, very unstealthy
A: (hooves 0), clumsy 2, (deformed body), deterioration 1, (speed 0), (tough
skin 0), evolution 1
a: Renounce Religion


You were on level 4 of the Dungeon.
You worshipped Xom.
You were a special plaything of Xom.
You were not hungry.
You were a tree.
You visited 1 branch of the dungeon, and saw 4 of its levels.

You collected 158 gold pieces.

Inventory:

Hand weapons
 a - a +0 whip (weapon)
 j - a +0 hunting sling
 G - a cursed -3 trident
Missiles
 g - 12 arrows
 r - 4 stones (quivered)
Armour
 b - a +2 leather armour
 f - a +0 helmet (melded)
 i - a +0 plate armour
 q - a +0 centaur barding (melded)
 E - a +0 pair of gloves (melded)
 H - a +1 scale mail of cold resistance (melded)
Magical staves
 u - an uncursed staff of conjuration
Jewellery
 k - an amulet of the gourmand (around neck)
 m - an uncursed amulet of regeneration {unknown}
 F - an uncursed amulet of resist corrosion {unknown}
Scrolls
 e - a scroll of teleportation {unknown}
 h - 3 scrolls of blinking {unknown}
 o - a scroll of fog {unknown}
 p - a scroll of fear {unknown}
 t - 2 scrolls of remove curse {unknown}
 x - 2 scrolls of enchant armour {unknown}
 y - 2 scrolls of identify {unknown}
 D - 2 scrolls of enchant weapon {unknown}
Potions
 d - a potion of haste {unknown}
 l - 2 potions of curing
 A - a potion of mutation {unknown}
Books
 n - Kikubaaqudgha's Reference Book on Necromancy
   (You found it on level 2 of the Dungeon)

   Spells                             Type                      Level
   a - Pain                           Necromancy                   1
 s - Sif Muna's Handbook of Attacks
   (You found it on level 2 of the Dungeon)

   Spells                             Type                      Level
   a - Sting                          Conjuration/Poison           1
 v - Vehumet's Reference Book on Combat Magic
   (You found it on level 2 of the Dungeon)

   Spells                             Type                      Level
   a - Magic Dart                     Conjuration                  1
Comestibles
 c - a bread ration
 z - 2 meat rations
 C - a royal jelly


   Skills:
 - Level 3.0(2.3) Fighting
 - Level 2.7(2.0) Polearms
 + Level 5.2(5.1) Slings
 * Level 4.6(5.4) Throwing
 + Level 2.6(1.9) Armour
 - Level 0.6(0.0) Dodging
 - Level 0.2(0.0) Stealth


You had 5 spell levels left.
You didn't know any spells.

Dungeon Overview and Level Annotations

Branches:
Dungeon (4/15)
 Temple: D:4-7

Altars:
Gozag
Kikubaaqudgha
Nemelex Xobeh
Okawaru
Sif Muna
Vehumet


Innate Abilities, Weirdness & Mutations

((You have hooves in place of feet.))
((Armour fits poorly on your strangely shaped body.))
((You cover ground very quickly.))
((You have extremely tough skin (AC +3).))
You are very clumsy. (Dex -4)
Your body is slowly deteriorating.
You evolve.


Message History

The ogre hits you with a giant club.
* * * LOW HITPOINT WARNING * * *
Wield which item (- for none, * to show all)? (? for menu, Esc to quit)
It is briefly surrounded by a scintillating aura of random colours.
a - a +0 spear of chaos (weapon)
The orc priest hits you but does no damage.
You barely miss the ogre.
The ogre is almost dead.
The ogre hits you but does no damage. The orc priest completely misses you.
You hit the ogre.
You kill the ogre!
Your base Slings skill increases to level 5! "First here, now there."
The orc priest wields your +0 spear of chaos!
You wield the orc priest's whip!
The orc hits you but does no damage.
The orc priest hits you but does no damage.
You are electrocuted!
You die...
Xom snickers!

#...........'(.(# +........
.#..........#..#.#
#........ ..###....#.# ....
#.#...... ...........# ....
# #.#....
..........###########.#....
.....###..(................
......##.o(.########....#..
........ooo......#........
...#####♣..####........##
#.....# ###......#
#.......# #......#
##.....## #......# ##...##
#......# ##.## ##....## ###
##..## ####


You could see an orc priest and 3 orcs.

Vanquished Creatures
  A phantom (D:4)
  An ogre (D:4)
  A crimson imp (D:3)
  An orc priest (D:3)
  An orc wizard (D:3)
  A giant frog skeleton (D:4)
  A worker ant (D:4)
  Terence (D:3)
  3 adders
  5 worms
  A giant mite (D:4)
  A giant gecko (D:1)
  An ooze (D:1)
  9 orcs (D:3)
  9 bats
  2 giant cockroaches (D:1)
  5 goblins
  7 hobgoblins
  3 jackals (D:2)
  A quokka (D:2)
  3 giant newts
  5 kobolds
  14 rats
77 creatures vanquished.

Vanquished Creatures (collateral kills)
  A hobgoblin (D:4)
1 creature vanquished.

Vanquished Creatures (others)
  A white imp (D:4)
1 creature vanquished.

Grand Total: 79 creatures vanquished

Notes
Turn   | Place    | Note
--------------------------------------------------------------
     0 | D:1      | Nefaurd, the Centaur Chaos Knight, began the quest for the Orb.
     0 | D:1      | Reached XP level 1. HP: 19/19 MP: 1/1
   107 | D:1      | Reached skill level 1 in Throwing
   233 | D:1      | Reached XP level 2. HP: 26/26 MP: 2/2
   479 | D:1      | XOM: silly message
   529 | D:1      | XOM: harmless Divn miscast
   568 | D:1      | XOM: mild Tloc miscast
   737 | D:2      | Reached XP level 3. HP: 31/31 MP: 3/3
  1079 | D:2      | XOM: divination: magic mapping
  1083 | D:2      | HP: 2/46 [poisoned by an adder]
  1181 | D:2      | Reached skill level 1 in Slings
  1181 | D:2      | Reached XP level 4. HP: 12/38 MP: 3/3
  1441 | D:2      | Found an ancient bone altar of Kikubaaqudgha.
  1445 | D:2      | Identified Kikubaaqudgha's Reference Book on Necromancy
  1449 | D:2      | Found a deep blue altar of Sif Muna.
  1453 | D:2      | Identified Sif Muna's Handbook of Attacks
  1458 | D:2      | Found a radiant altar of Vehumet.
  1462 | D:2      | Identified Vehumet's Reference Book on Combat Magic
  1856 | D:3      | Noticed Terence
  1874 | D:3      | Killed Terence
  1889 | D:3      | XOM: give mutations
  1889 | D:3      | Gained mutation: You are clumsy. (Dex -2) [Xom's mischief]
  1889 | D:3      | Gained mutation: You are very clumsy. (Dex -4) [Xom's mischief]
  1994 | D:3      | Reached XP level 5. HP: 43/45 MP: 4/4
  2041 | D:3      | XOM: noise
  2060 | D:3      | XOM: blink monster(s)
  2077 | D:3      | Reached skill level 4 in Throwing
  2449 | D:3      | XOM: give mutations
  2449 | D:3      | Gained mutation: Your body is slowly deteriorating. [Xom's mischief]
  2449 | D:3      | Gained mutation: You evolve. [Xom's mischief]
  2787 | D:3      | Found a sparkling altar of Nemelex Xobeh.
  2791 | D:3      | Found an opulent altar of Gozag.
  2791 | D:3      | Found an iron altar of Okawaru.
  2844 | D:4      | Noticed a phantom
  2851 | D:4      | XOM: polymorph giant gecko -> giant mite
  2852 | D:4      | XOM: potion effect (brilliance)
  2872 | D:4      | XOM: summons 3 friendly demons
  2921 | D:4      | Reached XP level 6. HP: 26/51 MP: 5/5
  2933 | D:4      | Killed a phantom
  2976 | D:4      | Noticed an ogre
  2981 | D:4      | XOM: blink monster(s)
  3000 | D:4      | Killed an ogre
  3000 | D:4      | Reached skill level 5 in Slings
  3000 | D:4      | XOM: swap weapons
  3000 | D:4      | Mangled by an orc priest

Action                   |  1- 3 |  4- 6 || total
-------------------------+-------+-------++-------
Melee: Spear             |   117 |   140 ||   257
       Hunting sling     |     3 |       ||     3
 Fire: Hunting sling     |    51 |   178 ||   229
  Use: Potion            |     5 |     1 ||     6
 Stab: Paralysed         |       |     1 ||     1
       Distracted        |       |     1 ||     1
  Eat: Bread ration      |       |     1 ||     1
       Beef jerky        |       |     1 ||     1
